TOP OF THE 1ST |
Capital District Red Knights batting - Pitching for Seattle Aviators : LHP Ryan McCall
|
Pitching: LHP Ryan McCall
|
|
Batting: RHB Guillermo Montoya
|
0-0: Fly out, F8 (Flyball, 89D)
|
Batting: RHB Matt Terry
|
0-0: Called Strike 0-1: Ball 1-1: SINGLE (Line Drive, 8LS)
|
Batting: RHB Chang-bum Pak
|
0-0: Ball 1-0: Ball 2-0: Ball 3-0: Called Strike 3-1: Foul Ball, location: 2F 3-2: Foul Ball, location: 2F 3-2: Foul Ball, location: 2F 3-2: Base on Balls Matt Terry to second
|
Batting: RHB David Edwards
|
0-0: Called Strike 0-1: Foul Ball, location: 2F 0-2: Fly out, F2 (Popup, 23F)
|
Batting: RHB Mike Lewis
|
0-0: Foul Ball, location: 2F 0-1: Fielders Choice at 2nd, 6-4 (Groundball, 6)
|
Top of the 1st over - 0 run(s), 1 hit(s), 0 error(s), 1 left on base; Capital District 0 - Seattle 0 |
BOTTOM OF THE 1ST |
Seattle Aviators batting - Pitching for Capital District Red Knights : RHP Gregory Gary
|
Pitching: RHP Gregory Gary
|
|
Batting: RHB José Lozano
|
0-0: Ball 1-0: Swinging Strike 1-1: Ball 2-1: Called Strike 2-2: Strikes out looking
|
Batting: RHB Brian Williams
|
0-0: Ball 1-0: Ball 2-0: Ball 3-0: Called Strike 3-1: Base on Balls
|
Batting: SHB Ernest Miller
|
0-0: Called Strike 0-1: Called Strike 0-2: Ball 1-2: Ball 2-2: Fly out, F9 (Flyball, 9LD)
|
Batting: LHB Phil Parkinson
|
0-0: Called Strike 0-1: Swinging Strike 0-2: Ball 1-2: Foul Ball, location: 2F 1-2: Foul Ball, location: 2F 1-2: Strikes out looking
|
Bottom of the 1st over - 0 run(s), 0 hit(s), 0 error(s), 1 left on base; Capital District 0 - Seattle 0 |
TOP OF THE 2ND |
Capital District Red Knights batting - Pitching for Seattle Aviators : LHP Ryan McCall
|
Batting: RHB Louis Henderson
|
0-0: Ball 1-0: Ball 2-0: Ball 3-0: Base on Balls
|
Batting: LHB Leonardo López
|
0-0: Ball 1-0: Called Strike 1-1: Foul Ball, location: 2F 1-2: Ball 2-2: Ball 3-2: Strikes out swinging
|
Batting: RHB Barry Dempsey
|
0-0: Foul Ball, location: 2F 0-1: Ball 1-1: Foul Ball, location: 2F 1-2: Foul Ball, location: 2F 1-2: Foul Ball, location: 2F 1-2: Foul Ball, location: 2F 1-2: Strikes out swinging
|
Batting: RHB Gregory Gary
|
0-0: Called Strike 0-1: Fly out, F8 (Flyball, 8LM)
|
Top of the 2nd over - 0 run(s), 0 hit(s), 0 error(s), 1 left on base; Capital District 0 - Seattle 0 |
BOTTOM OF THE 2ND |
Seattle Aviators batting - Pitching for Capital District Red Knights : RHP Gregory Gary
|
Batting: RHB Kenzaburo Hori
|
0-0: Ball 1-0: Ball 2-0: Fly out, F9 (Flyball, 9M)
|
Batting: RHB Clarence Fox
|
0-0: Called Strike 0-1: Fly out, F8 (Flyball, 8LD)
|
Batting: RHB Lindsay Stewart
|
0-0: Ball 1-0: SINGLE (Groundball, 6D)
|
Batting: RHB Craig Stewart
|
0-0: Called Strike 0-1: Ball Lindsay Stewart is caught stealing 2nd base
|
Bottom of the 2nd over - 0 run(s), 1 hit(s), 0 error(s), 0 left on base; Capital District 0 - Seattle 0 |
TOP OF THE 3RD |
Capital District Red Knights batting - Pitching for Seattle Aviators : LHP Ryan McCall
|
Batting: RHB Guillermo Montoya
|
0-0: Ball 1-0: Foul Ball, location: 2F 1-1: Ball 2-1: Foul Ball, location: 2F 2-2: Foul Ball, location: 2F 2-2: Ball 3-2: SINGLE (Groundball, 56)
|
Batting: RHB Matt Terry
|
0-0: Ball Guillermo Montoya is caught stealing 2nd base 1-0: Foul Ball, location: 2F 1-1: Ball 2-1: Ground out 6-3 (Groundball, 6)
|
Batting: RHB Chang-bum Pak
|
0-0: Swinging Strike 0-1: Foul Ball, location: 2F 0-2: Ball 1-2: Ball 2-2: Fly out, F4 (Popup, 4)
|
Top of the 3rd over - 0 run(s), 1 hit(s), 0 error(s), 0 left on base; Capital District 0 - Seattle 0 |
BOTTOM OF THE 3RD |
Seattle Aviators batting - Pitching for Capital District Red Knights : RHP Gregory Gary
|
Batting: RHB Craig Stewart
|
0-0: Foul Ball, location: 2F 0-1: Hit by Pitch
|
Batting: LHB Ryan McCall
|
0-0: Called Strike 0-1: Bunted foul 0-2: Bunted foul, Strikeout!
|
Batting: RHB José Lozano
|
0-0: Fly out, F6 (Line Drive, 6)
|
Batting: RHB Brian Williams
|
0-0: Called Strike 0-1: Swinging Strike 0-2: Ball 1-2: Ball 2-2: Strikes out swinging
|
Bottom of the 3rd over - 0 run(s), 0 hit(s), 0 error(s), 1 left on base; Capital District 0 - Seattle 0 |
TOP OF THE 4TH |
Capital District Red Knights batting - Pitching for Seattle Aviators : LHP Ryan McCall
|
Batting: RHB David Edwards
|
0-0: Swinging Strike 0-1: Called Strike 0-2: Strikes out swinging
|
Batting: RHB Mike Lewis
|
0-0: Called Strike 0-1: Ball 1-1: Ball 2-1: Ball 3-1: Foul Ball, location: 2F 3-2: Strikes out looking
|
Batting: RHB Louis Henderson
|
0-0: Ball 1-0: Called Strike 1-1: Called Strike 1-2: Strikes out swinging
|
Top of the 4th over - 0 run(s), 0 hit(s), 0 error(s), 0 left on base; Capital District 0 - Seattle 0 |
BOTTOM OF THE 4TH |
Seattle Aviators batting - Pitching for Capital District Red Knights : RHP Gregory Gary
|
Batting: SHB Ernest Miller
|
0-0: Ground out 3-1 (Groundball, 34)
|
Batting: LHB Phil Parkinson
|
0-0: Swinging Strike 0-1: Called Strike 0-2: Fly out, F9 (Flyball, 9M)
|
Batting: RHB Kenzaburo Hori
|
0-0: Ball 1-0: Foul Ball, location: 2F 1-1: Fly out, F8 (Flyball, 8LM)
|
Bottom of the 4th over - 0 run(s), 0 hit(s), 0 error(s), 0 left on base; Capital District 0 - Seattle 0 |
TOP OF THE 5TH |
Capital District Red Knights batting - Pitching for Seattle Aviators : LHP Ryan McCall
|
Batting: LHB Leonardo López
|
0-0: Ball 1-0: Called Strike 1-1: Ball 2-1: Called Strike 2-2: Foul Ball, location: 2F 2-2: Foul Ball, location: 2F 2-2: Ball 3-2: Foul Ball, location: 2F 3-2: Strikes out swinging
|
Batting: RHB Barry Dempsey
|
0-0: Fly out, F9 (Flyball, 89D)
|
Batting: RHB Gregory Gary
|
0-0: Ball 1-0: Foul Ball, location: 2F 1-1: Ball 2-1: Foul Ball, location: 2F 2-2: Ball 3-2: Strikes out looking
|
Top of the 5th over - 0 run(s), 0 hit(s), 0 error(s), 0 left on base; Capital District 0 - Seattle 0 |
BOTTOM OF THE 5TH |
Seattle Aviators batting - Pitching for Capital District Red Knights : RHP Gregory Gary
|
Batting: RHB Clarence Fox
|
0-0: Called Strike 0-1: Ball 1-1: Called Strike 1-2: Foul Ball, location: 2F 1-2: SINGLE (Flyball, 8LS)
|
Batting: RHB Lindsay Stewart
|
0-0: Foul Ball, location: 2F 0-1: Ball 1-1: Ball 2-1: Ball 3-1: Foul Ball, location: 2F 3-2: Strikes out swinging
|
Batting: RHB Craig Stewart
|
0-0: Ball 1-0: Called Strike 1-1: Ball 2-1: Foul Ball, location: 2F 2-2: Ball 3-2: Grounds into double play, 5-4-3 (Groundball, 56)
|
Bottom of the 5th over - 0 run(s), 1 hit(s), 0 error(s), 0 left on base; Capital District 0 - Seattle 0 |
TOP OF THE 6TH |
Capital District Red Knights batting - Pitching for Seattle Aviators : LHP Ryan McCall
|
Batting: RHB Guillermo Montoya
|
0-0: Ball 1-0: Ball 2-0: Called Strike 2-1: Swinging Strike 2-2: Ball 3-2: Strikes out swinging
|
Batting: RHB Matt Terry
|
0-0: Ball 1-0: Fly out, F3 (Popup, 3F)
|
Batting: RHB Chang-bum Pak
|
0-0: Ball 1-0: DOUBLE (Flyball, 78M)
|
Batting: RHB David Edwards
|
0-0: Called Strike 0-1: Foul Ball, location: 2F 0-2: Ball 1-2: Strikes out swinging
|
Top of the 6th over - 0 run(s), 1 hit(s), 0 error(s), 1 left on base; Capital District 0 - Seattle 0 |
BOTTOM OF THE 6TH |
Seattle Aviators batting - Pitching for Capital District Red Knights : RHP Gregory Gary
|
Batting: LHB Ryan McCall
|
0-0: Swinging Strike 0-1: Foul Ball, location: 2F 0-2: Ball 1-2: Ball 2-2: Strikes out swinging
|
Batting: RHB José Lozano
|
0-0: Ball 1-0: Foul Ball, location: 2F 1-1: Ball 2-1: Swinging Strike 2-2: Fly out, F9 (Flyball, 89M)
|
Batting: RHB Brian Williams
|
0-0: Ball 1-0: Ball 2-0: Foul Ball, location: 2F 2-1: Ball 3-1: Foul Ball, location: 2F 3-2: Ground out 6-3 (Groundball, 6)
|
Bottom of the 6th over - 0 run(s), 0 hit(s), 0 error(s), 0 left on base; Capital District 0 - Seattle 0 |
TOP OF THE 7TH |
Capital District Red Knights batting - Pitching for Seattle Aviators : LHP Ryan McCall
|
Batting: RHB Mike Lewis
|
0-0: Called Strike 0-1: Ball 1-1: Ball 2-1: Foul Ball, location: 2F 2-2: Fly out, F8 (Flyball, 8LS)
|
Batting: RHB Louis Henderson
|
0-0: Called Strike 0-1: Ball 1-1: Ball 2-1: Ball 3-1: Base on Balls
|
Pinch Hitting: RHB Zach King
|
0-0: Ball 1-0: Ball 2-0: Called Strike 2-1: Foul Ball, location: 2F 2-2: Strikes out looking
|
Batting: RHB Barry Dempsey
|
0-0: Ball 1-0: Ball 2-0: Called Strike 2-1: Foul Ball, location: 2F 2-2: Strikes out swinging
|
Top of the 7th over - 0 run(s), 0 hit(s), 0 error(s), 1 left on base; Capital District 0 - Seattle 0 |
BOTTOM OF THE 7TH |
Seattle Aviators batting - Pitching for Capital District Red Knights : RHP Gregory Gary
|
Now in LF: Zach King
|
|
Pinch Hitting: RHB Tanyu Kimura
|
0-0: Ball 1-0: Ball 2-0: Ground out 1-3 (Groundball, 15)
|
Batting: LHB Phil Parkinson
|
0-0: Fly out, F7 (Popup, 56D)
|
Batting: RHB Kenzaburo Hori
|
0-0: Ball 1-0: Called Strike 1-1: Ball 2-1: Ball 3-1: Called Strike 3-2: Fly out, F8 (Flyball, 8LXD)
|
Bottom of the 7th over - 0 run(s), 0 hit(s), 0 error(s), 0 left on base; Capital District 0 - Seattle 0 |
TOP OF THE 8TH |
Capital District Red Knights batting - Pitching for Seattle Aviators : LHP Ryan McCall
|
Now at 1B: Tanyu Kimura
|
|
Pinch Hitting: SHB Ted Beck
|
0-0: Ground out 6-3 (Groundball, 6)
|
Batting: RHB Guillermo Montoya
|
0-0: Ball 1-0: Ball 2-0: Called Strike 2-1: Called Strike 2-2: Fly out, F7 (Flyball, 78S)
|
Batting: RHB Matt Terry
|
0-0: Ball 1-0: Ball 2-0: Reached on error, E5 (Groundball, 56)
|
Batting: RHB Chang-bum Pak
|
0-0: SINGLE (Flyball, 9LM) Matt Terry to second
|
Batting: RHB David Edwards
|
0-0: Ball 1-0: Ball 2-0: Ball 3-0: Called Strike 3-1: Base on Balls Matt Terry to third Chang-bum Pak to second
|
Batting: RHB Mike Lewis
|
0-0: Swinging Strike 0-1: Ball 1-1: Fly out, F8 (Flyball, 8RD)
|
Top of the 8th over - 0 run(s), 1 hit(s), 1 error(s), 3 left on base; Capital District 0 - Seattle 0 |
BOTTOM OF THE 8TH |
Seattle Aviators batting - Pitching for Capital District Red Knights : RHP Gregory Gary
|
Pitching: RHP Woody Cook
|
|
Batting: RHB Clarence Fox
|
0-0: Foul Ball, location: 2F 0-1: Ball 1-1: Foul Ball, location: 2F 1-2: Foul Ball, location: 2F 1-2: Strikes out swinging
|
Pinch Hitting: RHB Vernon Caw
|
0-0: Ball 1-0: Called Strike 1-1: Swinging Strike 1-2: Ground out 6-3 (Groundball, 6M)
|
Batting: RHB Craig Stewart
|
0-0: Swinging Strike 0-1: Ball 1-1: Ball 2-1: Called Strike 2-2: Foul Ball, location: 2F 2-2: Strikes out looking
|
Bottom of the 8th over - 0 run(s), 0 hit(s), 0 error(s), 0 left on base; Capital District 0 - Seattle 0 |
TOP OF THE 9TH |
Capital District Red Knights batting - Pitching for Seattle Aviators : LHP Ryan McCall
|
Now in CF: Ramón García
|
|
Batting: RHB Louis Henderson
|
0-0: Called Strike 0-1: SINGLE (Groundball, 56D) (infield hit)
|
Pitching: RHP Bill Schneider
|
|
Now in LF: Tynan Hawkins
|
|
Pinch Hitting: LHB Dave Knight
|
0-0: Ball 1-0: Called Strike 1-1: Swinging Strike 1-2: Fly out, F6 (Popup, 5D)
|
Pinch Hitting: LHB Theodore Shaw
|
0-0: Ball 1-0: Fly out, F9 (Flyball, 9M)
|
Pinch Hitting: LHB Stan Lewis
|
0-0: Foul Ball, location: 2F 0-1: Ball 1-1: Ball 2-1: Ball 3-1: Ground out 4-3 (Groundball, 4)
|
Top of the 9th over - 0 run(s), 1 hit(s), 0 error(s), 1 left on base; Capital District 0 - Seattle 0 |
BOTTOM OF THE 9TH |
Seattle Aviators batting - Pitching for Capital District Red Knights : RHP Woody Cook
|
Pitching: RHP Kent Hubbard
|
|
Now at C: Theodore Shaw
|
|
Now in LF: Dave Knight
|
|
Batting: RHB Tynan Hawkins
|
0-0: Ball 1-0: Ball 2-0: Foul Ball, location: 2F 2-1: Ball 3-1: Base on Balls
|
Batting: RHB José Lozano
|
0-0: Ball 1-0: Sac Bunt - play at first, batter OUT! 1-3 Tynan Hawkins to second
|
Batting: RHB Brian Williams
|
0-0: Ball 1-0: Foul Ball, location: 2F 1-1: Swinging Strike 1-2: Fly out, F8 (Flyball, 8LXD) Runner from 2nd tags up, SAFE at 3rd, no throw
|
Batting: RHB Tanyu Kimura
|
0-0: Ball 1-0: Swinging Strike 1-1: Called Strike 1-2: Foul Ball, location: 2F 1-2: Ball 2-2: Foul Ball, location: 2F 2-2: Ball 3-2: Ground out 5-3 (Groundball, 5)
|
Bottom of the 9th over - 0 run(s), 0 hit(s), 0 error(s), 1 left on base; Capital District 0 - Seattle 0 |
TOP OF THE 10TH |
Capital District Red Knights batting - Pitching for Seattle Aviators : RHP Bill Schneider
|
Batting: RHB Guillermo Montoya
|
0-0: Swinging Strike 0-1: Ball 1-1: Ground out 6-3 (Groundball, 6M)
|
Batting: RHB Matt Terry
|
0-0: Ball 1-0: Foul Ball, location: 2F 1-1: Ground out 4-3 (Groundball, 4)
|
Batting: RHB Chang-bum Pak
|
0-0: Ball 1-0: Ball 2-0: Called Strike 2-1: Ball 3-1: Fly out, F7 (Flyball, 7D)
|
Top of the 10th over - 0 run(s), 0 hit(s), 0 error(s), 0 left on base; Capital District 0 - Seattle 0 |
BOTTOM OF THE 10TH |
Seattle Aviators batting - Pitching for Capital District Red Knights : RHP Kent Hubbard
|
Batting: LHB Phil Parkinson
|
0-0: Foul Ball, location: 2F 0-1: Fly out, F9 (Line Drive, 9M)
|
Batting: RHB Kenzaburo Hori
|
0-0: Called Strike 0-1: Foul Ball, location: 2F 0-2: Ball 1-2: Ball 2-2: Strikes out swinging
|
Pinch Hitting: RHB Lane Rich
|
0-0: Foul Ball, location: 2F 0-1: Ball 1-1: Ball 2-1: Called Strike 2-2: Strikes out looking
|
Bottom of the 10th over - 0 run(s), 0 hit(s), 0 error(s), 0 left on base; Capital District 0 - Seattle 0 |
TOP OF THE 11TH |
Capital District Red Knights batting - Pitching for Seattle Aviators : RHP Bill Schneider
|
Pitching: RHP Esteban García
|
|
Batting: RHB David Edwards
|
0-0: Ball 1-0: Ball 2-0: Foul Ball, location: 2F 2-1: Foul Ball, location: 2F 2-2: Strikes out swinging
|
Batting: RHB Mike Lewis
|
0-0: Ball 1-0: Called Strike 1-1: Ball 2-1: Called Strike 2-2: Foul Ball, location: 2F 2-2: Strikes out swinging
|
Batting: RHB Louis Henderson
|
0-0: Ball 1-0: Ball 2-0: Swinging Strike 2-1: Ball 3-1: Foul Ball, location: 2F 3-2: Base on Balls
|
Batting: LHB Dave Knight
|
0-0: Foul Ball, location: 2F 0-1: Ball Wild Pitch! Louis Henderson to second 1-1: Foul Ball, location: 2F 1-2: Ball 2-2: Fly out, F8 (Flyball, 8LXD)
|
Top of the 11th over - 0 run(s), 0 hit(s), 0 error(s), 1 left on base; Capital District 0 - Seattle 0 |
BOTTOM OF THE 11TH |
Seattle Aviators batting - Pitching for Capital District Red Knights : RHP Kent Hubbard
|
Batting: LHB Ramón García
|
0-0: Ball 1-0: Called Strike 1-1: Swinging Strike 1-2: Strikes out looking
|
Batting: RHB Craig Stewart
|
0-0: Ground out 5-3 (Groundball, 5)
|
Batting: RHB Tynan Hawkins
|
0-0: Foul Ball, location: 2F 0-1: Swinging Strike 0-2: Fly out, F3 (Popup, 3)
|
Bottom of the 11th over - 0 run(s), 0 hit(s), 0 error(s), 0 left on base; Capital District 0 - Seattle 0 |
TOP OF THE 12TH |
Capital District Red Knights batting - Pitching for Seattle Aviators : RHP Esteban García
|
Batting: LHB Theodore Shaw
|
0-0: Fly out, F7 (Flyball, 7M)
|
Batting: LHB Kent Hubbard
|
0-0: Ball 1-0: Ball 2-0: Foul Ball, location: 2F 2-1: Foul Ball, location: 2F 2-2: SINGLE (Groundball, 34D)
|
Batting: RHB Guillermo Montoya
|
0-0: Ball 1-0: Ball 2-0: Ball 3-0: Base on Balls Kent Hubbard to second
|
Batting: RHB Matt Terry
|
0-0: Foul Ball, location: 2F 0-1: Fly out, F5 (Line Drive, 5S)
|
Batting: RHB Chang-bum Pak
|
0-0: Swinging Strike 0-1: Ground out 4-3 (Groundball, 4)
|
Top of the 12th over - 0 run(s), 1 hit(s), 0 error(s), 2 left on base; Capital District 0 - Seattle 0 |
BOTTOM OF THE 12TH |
Seattle Aviators batting - Pitching for Capital District Red Knights : RHP Kent Hubbard
|
Batting: RHB José Lozano
|
0-0: Foul Ball, location: 2F 0-1: Foul Ball, location: 2F 0-2: Ball 1-2: Fly out, F9 (Flyball, 89S)
|
Batting: RHB Brian Williams
|
0-0: Called Strike 0-1: Ball 1-1: Foul Ball, location: 2F 1-2: Ball Single, Error in OF, E8, batter to second base
|
Pitching: RHP Lou Lowry
|
|
Batting: RHB Tanyu Kimura
|
0-0: Ball 1-0: Ball 2-0: Ball 3-0: Base on Balls
|
Batting: LHB Phil Parkinson
|
0-0: Ball 1-0: Called Strike Passed Ball! Brian Williams to third Tanyu Kimura to second 1-1: Intentional Walk
|
Batting: RHB Kenzaburo Hori
|
0-0: Ball 1-0: Ball 2-0: Called Strike 2-1: Called Strike 2-2: Strikes out swinging
|
Batting: SHB Esteban García
|
0-0: Ball 1-0: Fly out, F7 (Line Drive, 7M)
|
Bottom of the 12th over - 0 run(s), 1 hit(s), 1 error(s), 3 left on base; Capital District 0 - Seattle 0 |
TOP OF THE 13TH |
Capital District Red Knights batting - Pitching for Seattle Aviators : RHP Esteban García
|
Batting: RHB David Edwards
|
0-0: Ball 1-0: Foul Ball, location: 2F 1-1: Foul Ball, location: 2F 1-2: Foul Ball, location: 2F 1-2: Ball 2-2: Ground out 1-3 (Groundball, 15S)
|
Batting: RHB Mike Lewis
|
0-0: Ball 1-0: Ball 2-0: Ball 3-0: Base on Balls
|
Batting: RHB Louis Henderson
|
0-0: Ball 1-0: Called Strike 1-1: Ball 2-1: Fly out, F8 (Flyball, 8LS)
|
Batting: LHB Dave Knight
|
0-0: Ball Wild Pitch! Mike Lewis to second 1-0: Called Strike 1-1: Ground out U3 (Groundball, 3L)
|
Top of the 13th over - 0 run(s), 0 hit(s), 0 error(s), 1 left on base; Capital District 0 - Seattle 0 |
BOTTOM OF THE 13TH |
Seattle Aviators batting - Pitching for Capital District Red Knights : RHP Lou Lowry
|
Batting: LHB Ramón García
|
0-0: Ball 1-0: Called Strike 1-1: Ball 2-1: Ball 3-1: Hit by Pitch
|
Batting: RHB Craig Stewart
|
0-0: Ball 1-0: Bunted foul 1-1: Sac Bunt - play at first, batter OUT! 1-4 Ramón García to second
|
Batting: RHB Tynan Hawkins
|
0-0: Called Strike 0-1: Ball 1-1: Ball 2-1: Ball 3-1: Called Strike 3-2: Base on Balls
|
Batting: RHB José Lozano
|
0-0: Ball 1-0: Ball 2-0: Ball 3-0: Base on Balls Ramón García to third Tynan Hawkins to second
|
Batting: RHB Brian Williams
|
0-0: Called Strike 0-1: Foul Ball, location: 2F 0-2: Ball 1-2: Ball 2-2: Ball 3-2: Fly out, F9 (Line Drive, 89S)
|
Batting: RHB Tanyu Kimura
|
0-0: Ball 1-0: SINGLE (Line Drive, 6MD) Ramón García scores
|
|